 Dungeon Crawl Stone Soup version 0.25-a0-670-g50981ef59b (webtiles) character file.

Game seed: 11100009339406290250, levelgen mode: deterministic

19527 Laiders72 the Severer (level 12, -1/109 HPs)
             Began as a Deep Dwarf Fighter on Mar 28, 2020.
             Was an Elder of Makhleb.
             Killed from afar by a fire dragon (44 damage)
             ... with a blast of flame
             ... on level 13 of the Dungeon on Mar 29, 2020.
             The game lasted 00:44:25 (10566 turns).

Laiders72 the Severer (Deep Dwarf Fighter)         Turns: 10566, Time: 00:44:25

Health: -1/109     AC: 21    Str: 32    XL:     12   Next: 37%
Magic:  9/9        EV:  8    Int: 10    God:    Makhleb [****..]
Gold:   778        SH: 13    Dex: 12    Spells: 11/11 levels left

rFire    . . .     SeeInvis .   a - +0 war axe
rCold    . . .     Gourm    .   c - +0 kite shield
rNeg     + . .     Faith    .   w - +1 chain mail of Negligence {rElec rCorr Slay+3} (curse)
rPois    .         Spirit   .   l - +1 helmet
rElec    +         Reflect  .   (no cloak)
rCorr    +         Harm     .   m - +2 pair of gloves
MR       ++...                  t - +2 pair of boots {Stlth+}
Stlth    ..........             P - amulet "Cucziw" {+Rage Str+8}
HPRegen  0.00/turn              u - ring of positive energy
MPRegen  0.11/turn              H - ring of protection from magic

@: non-regenerating
A: damage resistance, heal wounds, low mp 1, sense surroundings 2, no
regeneration
a: Heal Wounds, Minor Destruction, Lesser Servant of Makhleb, Major Destruction,
Renounce Religion, Evoke Berserk Rage


You were on level 13 of the Dungeon.
You worshipped Makhleb.
Makhleb was greatly pleased with you.
You were hungry.

You visited 2 branches of the dungeon, and saw 14 of its levels.
You also visited: Ossuary.

You collected 778 gold pieces.

Inventory:

Hand Weapons
 a - a +0 war axe (weapon)
 b - a +1 morningstar of holy wrath
Missiles
 n - 34 poisoned darts (quivered)
Armour
 c - a +0 kite shield (worn)
 l - a +1 helmet (worn)
 m - a +2 pair of gloves (worn)
 t - a +2 pair of boots of stealth (worn)
 w - the cursed +1 chain mail of Negligence (worn) {rElec rCorr Slay+3}
   (You found it on level 6 of the Dungeon)

   It affects your accuracy and damage with ranged weapons and melee attacks
   (+3).
   It insulates you from electricity.
   It provides partial protection from all sources of acid and corrosion.
   It has a curse placed upon it.
Jewellery
 d - a +2 ring of slaying
 u - a ring of positive energy (left hand)
 F - an uncursed ring of see invisible
 H - a ring of protection from magic (right hand)
 N - an uncursed ring of positive energy
 P - the amulet "Cucziw" (around neck) {+Rage Str+8}
   (You found it on level 12 of the Dungeon)

   [amulet of rage]

   It affects your strength (+8).
   It lets you go berserk.
 R - an uncursed ring of positive energy
Wands
 y - a wand of random effects (9)
 z - a wand of enslavement (7)
 A - a wand of flame (20)
 B - a wand of polymorph (7)
 G - a wand of disintegration (13)
 I - a wand of acid (21)
 O - a wand of iceblast (19)
Scrolls
 h - 3 scrolls of amnesia
 i - 9 scrolls of identify
 q - a scroll of fog {unknown}
 s - 2 scrolls of enchant weapon {unknown}
 v - 4 scrolls of enchant armour
 C - 10 scrolls of remove curse
 D - 2 scrolls of teleportation
 K - a scroll of summoning {unknown}
Potions
 e - 3 potions of stabbing
 g - 10 potions of curing
 j - a potion of resistance
 k - a potion of mutation {unknown}
 o - 2 potions of invisibility
 p - a potion of flight
 r - a potion of magic {unknown}
 x - a potion of might
 E - a potion of berserk rage {unknown}
 J - a potion of experience {unknown}
 L - 2 potions of haste {unknown}
 Q - a potion of lignification {unknown}
Comestibles
 f - 22 rations


   Skills:
 + Level 7.2 Fighting
 - Level 16.0 Axes
 + Level 8.6 Armour
 - Level 10.0 Shields
 + Level 4.7 Invocations


You had 11 spell levels left.
You didn't know any spells.
Your spell library contained the following spells:

 Spells                   Type           Power        Failure   Level  Hunger
 Infusion                 Chrm           #...         95%         1    ##.....
 Poisonous Vapours        Pois/Air       #.....       99%         2    ###....
 Shroud of Golubria       Chrm/Tloc      #.....       99%         2    ###....
 Song of Slaying          Chrm           #.......     99%         2    ###....
 Confusing Touch          Hex            #.......     100%        3    ####...
 Conjure Flame            Conj/Fire      #.......     100%        3    ####...
 Gell's Gravitas          Tloc           #.........   100%        3    ####...
 Mephitic Cloud           Conj/Pois/Air  #.......     100%        3    ####...
 Ozocubu's Armour         Chrm/Ice       #.......     100%        3    ####...
 Spectral Weapon          Hex/Chrm       #.......     100%        3    ####...
 Petrify                  Tmut/Erth      #.......     100%        4    #####..
 Metabolic Englaciation   Hex/Ice        #.........   100%        5    ######.
 Yara's Violent Unravell  Hex/Tmut       #.........   100%        5    ######.
 Freezing Cloud           Conj/Ice/Air   #.........   100%        6    #######
 Ring of Flames           Chrm/Fire      #.........   100%        7    #######


Dungeon Overview and Level Annotations

Branches:
Dungeon (13/15)            Temple (1/1) D:6            Lair (0/6) D:11
    Orc (0/2) D:10        Ossuary (visited)
 Vaults: D:13-14

Altars:
Ashenzari
Cheibriados
Dithmenos
Elyvilon
Fedhas
Gozag
Hepliaklqana
Kikubaaqudgha
Makhleb
Nemelex Xobeh
Okawaru
Qazlal
Ru
Sif Muna
Trog
Uskayaw
Vehumet
Wu Jian
Xom
Yredelemnul
Zin
The Shining One

Shops:
D:8 !   D:9 =   D:10 (%   D:11 !


Innate Abilities, Weirdness & Mutations

You are resistant to damage.
You can heal yourself by infusing magical energy.
You passively map the area around you.
You do not regenerate.
Your magical capacity is low. (-10% MP)


Message History

You slash the cyclops!
You kill the cyclops!
Makhleb accepts your kill. You block the fire dragon's attack. x2
The fire dragon tramples you but does no damage.
You slice the fire dragon!!
The fire dragon is heavily wounded.
You block the fire dragon's attack.
The fire dragon claws you but does no damage.
The fire dragon tramples you!
You stumble backwards!
Your shield and chain mail of Negligence prevent you from hitting the fire dragon.
The fire dragon is heavily wounded.
Your shield and chain mail of Negligence prevent you from hitting the fire dragon.
The fire dragon is heavily wounded.
You block the fire dragon's attack. x2; The fire dragon barely misses you.
You slash the fire dragon!
The fire dragon is severely wounded.
The fire dragon breathes flames at you. The blast of flame hits you!!!
You die...

...............#...........#
...............#.#########.#
...............#.#########.#
........)..................#
...............#####...##..#
#..#+########+.#...........#
#..#...........#..#######..#
...#...........#..#∩, #..#
[..#...##..###.#@.# #..#
...#...##..###.#(D# * ,#..#
...#...##......#........#..#
...#...##......##########..#
####.......................#
.....###########...........#
.....#.........#...........#
.....#.........#...........#
.....#.........#..#######..#


You could see a fire dragon.

Vanquished Creatures
  A hydra (D:5)
  A centaur warrior (D:12)
  2 two-headed ogres
  3 skeletal warriors (D:12)
  2 unseen horrors (D:13)
  2 ugly things
  A manticore (shapeshifter) (D:13)
  3 cyclopes
  2 gargoyles
  A komodo dragon (D:8)
  A yaktaur (shapeshifter) (D:13)
  A merfolk (D:9)
  3 trolls
  A jumping spider (shapeshifter) (D:13)
  A hornet (D:11)
  3 hippogriffs
  3 vampires
  3 wraiths
  A shadow (D:12)
  A hungry ghost (D:12)
  2 water moccasins
  A soldier ant (D:13)
  2 acid dragons
  4 black bears
  A hornet zombie (D:11)
  4 orc warriors
  A sky beast (D:6)
  An eye of draining (D:9)
  3 ice beasts
  A necrophage (D:9)
  An ogre (shapeshifter) (D:13)
  2 wolves (D:11)
  8 ogres
  15 centaurs
  A phantom (D:5)
  2 big kobolds
  6 bullfrogs
  2 elf zombies (Ossuary)
  A gnoll sergeant (D:8)
  6 scorpions
  A water moccasin skeleton (D:4)
  5 electric eels (D:11)
  11 crimson imps
  3 bullfrog zombies
  A quasit (D:11)
  4 centaur zombies
  3 jellies
  11 hounds
  2 human zombies (Ossuary)
  4 orc priests
  3 centaur skeletons
  A gnoll shaman (D:5)
  2 bullfrog skeletons
  14 orc wizards
  4 iguanas
  7 worker ants
  3 mummies (Ossuary)
  3 hound zombies
  A hound skeleton (D:6)
  A worker ant zombie (D:8)
  9 gnolls
  9 adders
  A howler monkey skeleton (D:3)
  4 shadow imps
  An ooze (D:2)
  2 adder zombies
  A worm (D:2)
  2 dart slugs
  6 leopard geckos
  35 orcs
  2 ball pythons
  8 bats
  7 giant cockroaches
  3 hobgoblins
  13 jackals
  A quokka (D:6)
  4 frilled lizards
  5 gnoll zombies (Ossuary)
  7 goblins
  5 goblin zombies (Ossuary)
  A hobgoblin zombie (Ossuary)
  3 jackal zombies (Ossuary)
  16 kobolds
  2 kobold zombies (Ossuary)
  A leopard gecko zombie (D:8)
  An orc zombie (Ossuary)
  A quokka skeleton (D:4)
  7 quokka zombies
  8 rats
  5 rat zombies (Ossuary)
354 creatures vanquished.

Vanquished Creatures (others)
  A worker ant (D:10)
1 creature vanquished.

Grand Total: 355 creatures vanquished

Notes
Turn   | Place    | Note
-------+----------+-------------------------------------------
     0 | D:1      | Laiders72 the Deep Dwarf Fighter began the quest for the
                  | Orb.
     0 | D:1      | Reached XP level 1. HP: 20/20 MP: 1/1
    96 | D:1      | Reached skill level 3 in Axes
   123 | D:1      | Reached XP level 2. HP: 17/27 MP: 2/2
   182 | D:1      | Upgraded the game from 0.25-a0-667-gb977e01cb5 to
                  | 0.25-a0-670-g50981ef59b
   539 | D:2      | Found a shadowy altar of Dithmenos.
   684 | D:2      | Reached XP level 3. HP: 33/33 MP: 3/3
   696 | D:2      | Reached skill level 4 in Axes
  1324 | D:3      | Reached XP level 4. HP: 20/40 MP: 4/4
  1533 | D:3      | Reached skill level 5 in Axes
  1598 | D:3      | Noticed a water moccasin
  1629 | D:3      | Killed a water moccasin
  1629 | D:3      | Reached skill level 6 in Axes
  1629 | D:3      | Reached XP level 5. HP: 39/46 MP: 5/5
  1895 | D:3      | Found a shimmering altar of Xom.
  1989 | D:3      | Reached skill level 7 in Axes
  1989 | D:3      | Reached XP level 6. HP: 47/55 MP: 6/6
  2534 | D:4      | Found a sand-covered staircase.
  2544 | D:4      | Got a pair of ichor-stained boots
  2562 | D:4      | Reached skill level 8 in Axes
  2566 | D:4      | Identified the +2 pair of boots of Boredom {rC- rCorr
                  | Int+2} (You found it on level 4 of the Dungeon)
  2570 | Ossuary  | Entered an ossuary
  2639 | Ossuary  | Reached XP level 7. HP: 39/61 MP: 7/7
  2737 | Ossuary  | Reached skill level 9 in Axes
  3049 | D:4      | Reached skill level 10 in Axes
  3072 | D:4      | Found a basalt altar of Yredelemnul.
  3215 | D:4      | Reached XP level 8. HP: 62/68 MP: 8/8
  3569 | D:5      | Entered Level 5 of the Dungeon
  3688 | D:5      | Reached skill level 11 in Axes
  4108 | D:6      | Found a staircase to the Ecumenical Temple.
  4134 | Temple   | Entered the Ecumenical Temple
  4249 | D:6      | Got a jewelled chain mail
  4250 | D:6      | Identified the cursed +1 chain mail of Negligence {rElec
                  | rCorr Slay+3} (You found it on level 6 of the Dungeon)
  4273 | D:6      | Noticed an eight-headed hydra
  4274 | D:6      | Reached skill level 12 in Axes
  4470 | D:6      | Noticed a purple ugly thing
  4503 | D:6      | Killed a purple ugly thing
  4503 | D:6      | Reached skill level 13 in Axes
  4503 | D:6      | Gained mutation: You passively map the area around you.
                  | [Deep Dwarf growth]
  4503 | D:6      | Reached XP level 9. HP: 44/74 MP: 6/6
  4675 | D:6      | Found a burning altar of Makhleb.
  4680 | D:6      | Became a worshipper of Makhleb the Destroyer
  5507 | D:7      | Reached skill level 14 in Axes
  6094 | D:5      | Killed a nine-headed hydra
  6403 | D:7      | Reached skill level 15 in Axes
  6403 | D:7      | Reached XP level 10. HP: 44/81 MP: 7/7
  6548 | D:8      | Found an opulent altar of Gozag.
  6584 | D:8      | Reached * piety under Makhleb
  6633 | D:8      | Found a stormy altar of Qazlal.
  6841 | D:8      | Found Vemeo's Distillery.
  7030 | D:8      | Found a sacrificial altar of Ru.
  7488 | D:9      | Reached ** piety under Makhleb
  7493 | D:9      | Noticed a two-headed ogre
  7629 | D:9      | Reached skill level 16 in Axes
  7671 | D:9      | Killed a two-headed ogre
  7748 | D:9      | Found Weips's Jewellery Boutique.
  7806 | D:9      | Reached skill level 5 in Shields
  8012 | D:10     | Entered Level 10 of the Dungeon
  8016 | D:10     | Found Vuyraf's Weapon Shop.
  8124 | D:10     | Found a staircase to the Orcish Mines.
  8274 | D:10     | Found Tyn Ireh's Food Emporium.
  8350 | D:10     | Noticed a cyclops
  8358 | D:10     | Noticed a gargoyle
  8362 | D:10     | Killed a cyclops
  8367 | D:10     | Reached skill level 5 in Armour
  8369 | D:10     | Killed a gargoyle
  8369 | D:10     | Reached XP level 11. HP: 90/92 MP: 7/7
  8757 | D:11     | Found Heex's Distillery.
  8820 | D:11     | Reached *** piety under Makhleb
  8964 | D:11     | Found a staircase to the Lair.
  8998 | D:11     | Reached skill level 5 in Fighting
  9148 | D:12     | Got a scintillating brass amulet
  9154 | D:12     | Identified the amulet "Cucziw" {+Rage Str+8} (You found it
                  | on level 12 of the Dungeon)
  9271 | D:12     | Found a radiant altar of Vehumet.
  9435 | D:12     | Reached **** piety under Makhleb
  9505 | D:12     | Noticed a skeletal warrior
  9506 | D:12     | Noticed a skeletal warrior
  9508 | D:12     | Noticed a skeletal warrior
  9528 | D:12     | Killed a skeletal warrior
  9552 | D:12     | Killed a skeletal warrior
  9575 | D:12     | Killed a skeletal warrior
  9640 | D:12     | Noticed a centaur warrior
  9650 | D:12     | Killed a centaur warrior
  9853 | D:13     | Noticed a red ugly thing
  9864 | D:13     | Killed a red ugly thing
  9865 | D:13     | Noticed an orb spider
  9865 | D:13     | an eye of draining changed into an orb spider
  9866 | D:13     | an orb spider changed into a jumping spider
  9931 | D:13     | Reached skill level 10 in Shields
  9970 | D:13     | Reached XP level 12. HP: 54/105 MP: 8/8
  9985 | D:13     | Noticed a two-headed ogre
  9996 | D:13     | Killed a two-headed ogre
  9996 | D:13     | Reached skill level 1 in Invocations
 10552 | D:13     | Gained mutation: Your magical capacity is low. (-10% MP) [a
                  | shining eye]
 10557 | D:13     | Noticed a fire dragon
 10566 | D:13     | Killed from afar by a fire dragon

Levels and vault maps discovered:
D:1:      scummos_arrival_simple_crosswalls, layout_rooms,
          grunt_decor_one_mirror
D:2:      layout_basic, nicolae_dithmenos_shadow_blocks, st_stairs_9
D:3:      layout_basic, led_xom_imps, serial_co_window_serial,
          co_window_of_opportunity_a, co_window_corner_a, co_window_paths_b,
          co_window_corner_a, co_window_corner_a, co_window_paths_a,
          co_window_paths_a, co_window_paths_c, co_window_corner_b,
          co_window_broadway_c, co_window_corner_b, co_window_2corner,
          co_window_cross_3, co_window_4corner_b, glass_columns_a,
          glass_columns_a, glass_columns_b, glass_columns_a,
          kennysheep_generic_room_12
D:4:      layout_cave_pools, kennysheep_mini, portal_sewer_entry_b,
          first_ration, nicolae_ossuary_entry_false_entrances
D:5:      layout_rooms
D:6:      cheibrodos_fzero, layout_cave_pods, kennysheep_mini_moat,
          minmay_temple_entry_arrows, mrwooster_statue_mirror
D:7:      layout_gridville
D:8:      layout_gridville, nicolae_ru_great_annihilating_truth,
          nicolae_overflow_crystal_walls, grunt_gozag_breadcrumbs, serial_shops,
          shop
D:9:      layout_roguey, serial_shops, shop, hangedman_fish_farm
D:10:     layout_basic, orc_0_dummy, serial_shops, kennysheep_little_box, shop,
          lemuel_flamethrower_1
D:11:     layout_basic, erik_lair_island, serial_shops, shop
D:12:     layout_roguey, basic_altar
D:13:     layout_stronghold, david_vaults_4
Temple:   eino_wide_crystal_templ

Skill      XL: |  1  2  3  4  5  6  7  8  9 10 11 12 |
---------------+-------------------------------------+-----
Axes           | 3 4 6 7 8 10 13 15 16 | 16.0
Fighting       | 4 6 7 |  7.2
Shields        | 6 10 | 10.0
Armour         | 5 7 8 |  8.6
Invocations    | 4 |  4.7

Action                   |  1- 3 |  4- 6 |  7- 9 | 10-12 || total
-------------------------+-------+-------+-------+-------++-------
Melee: War axe           |   111 |   179 |   437 |   710 ||  1437
       Morningstar       |       |       |    17 |     3 ||    20
 Abil: Heal Wounds       |     1 |     2 |    15 |     8 ||    26
Evoke: Wand              |       |       |       |     1 ||     1
  Use: Scroll            |       |     1 |    10 |     2 ||    13
       Potion            |       |       |     7 |       ||     7
 Stab: Sleeping          |       |       |     2 |       ||     2
       Paralysed         |       |       |       |     1 ||     1
  Eat: Chunk             |       |     3 |    11 |    16 ||    30
       Ration            |       |     1 |       |       ||     1
Armor: Scale mail        |     5 |       |       |       ||     5
       Chain mail        |    41 |       |   134 |   356 ||   531
       Plate armour      |    12 |   135 |   115 |       ||   262
Dodge: Dodged            |    26 |    25 |    65 |   108 ||   224
Block: Kite shield       |    69 |    85 |   209 |   328 ||   691

Table legend:
 A = Non-vault XP
 B = Vault XP
 C = Vault XP percentage of total XP
 D = Non-vault monster count
 E = Vault monster count
 F = Vault count percentage of total count
                 A         B        C        D         E       F
            +---------+---------+-------+---------+---------+-------
      Total |   22517 |    5380 |  19.3 |     274 |      80 |  22.6
            +---------+---------+-------+---------+---------+-------
        D:1 |      16 |       0 |   0.0 |      10 |       0 |   0.0
        D:2 |      52 |       6 |  10.3 |      17 |       4 |  19.0
        D:3 |     199 |     211 |  51.5 |      16 |       5 |  23.8
        D:4 |     721 |       5 |   0.7 |      19 |       3 |  13.6
        D:5 |     649 |    1026 |  61.3 |      17 |       1 |   5.6
        D:6 |     717 |    1117 |  60.9 |      16 |      13 |  44.8
        D:7 |     428 |       0 |   0.0 |      15 |       0 |   0.0
        D:8 |    1575 |      45 |   2.8 |      36 |       4 |  10.0
        D:9 |    2192 |     321 |  12.8 |      27 |       1 |   3.6
       D:10 |    1682 |       0 |   0.0 |      13 |       0 |   0.0
       D:11 |    2679 |     744 |  21.7 |      28 |       8 |  22.2
       D:12 |    5769 |       0 |   0.0 |      34 |       0 |   0.0
       D:13 |    5838 |    1478 |  20.2 |      26 |       4 |  13.3
    Ossuary |       0 |     427 | 100.0 |       0 |      37 | 100.0
            +---------+---------+-------+---------+---------+-------
